| TOP OF THE 1ST |
|
Missoula Osprey batting - Pitching for San Diego (APP) Padres : RHP Alberto Cuevas
|
|
Pitching: RHP Alberto Cuevas
|
|
|
Batting: RHB Hyeok Shon
|
0-0: Ball 1-0: Ball 2-0: Called Strike 2-1: Reached on error, E5 (Groundball, 56, EV 85.0 MPH)
|
|
Batting: RHB Orlando Florez
|
0-0: Ball Hyeok Shon is caught stealing 2nd base 2-4 1-0: Swinging Strike 1-1: Ball 2-1: Ball 3-1: Fly out, F8 (Flyball, 8LXD, EV 92.5 MPH)
|
|
Batting: SHB Ed Vargas
|
0-0: Ground out 6-3 (Groundball, P, EV 85.0 MPH)
|
| Top of the 1st over - 0 runs, 0 hits, 1 error, 0 left on base; Missoula 0 - San Diego (APP) 0 |
| BOTTOM OF THE 1ST |
|
San Diego (APP) Padres batting - Pitching for Missoula Osprey : LHP Ian Tamburrino
|
|
Pitching: LHP Ian Tamburrino
|
|
|
Batting: RHB Elias Vences
|
0-0: Ball 1-0: Swinging Strike 1-1: Ball 2-1: Ball 3-1: Base on Balls
|
|
Batting: LHB Conor Barron
|
0-0: Ball 1-0: Swinging Strike 1-1: Ball 2-1: Swinging Strike 2-2: SINGLE (Groundball, 4D, EV 103.1 MPH) Elias Vences to second Runner from 2nd tries for 3rd, SAFE, throw by RF made to third Conor Barron to second
|
|
Batting: LHB Carlos Cuellar
|
0-0: Ball 1-0: Ball 2-0: Foul Ball, location: 2F 2-1: Called Strike 2-2: Foul Ball, location: 2F 2-2: Strikes out swinging
|
|
Batting: RHB Max Stillo
|
0-0: Called Strike 0-1: Ball 1-1: Ball 2-1: Ball 3-1: Foul Ball, location: 2F 3-2: Base on Balls
|
|
Batting: LHB Hugo MacBeth
|
0-0: Ball 1-0: Called Strike 1-1: Called Strike 1-2: Foul Ball, location: 2F 1-2: Fly out, F8 (Line Drive, 8RM, EV 94.4 MPH)
|
|
Batting: SHB Isaiah Scates
|
0-0: Foul Ball, location: 2F 0-1: Ball 1-1: Swinging Strike 1-2: Ball 2-2: Strikes out looking
|
| Bottom of the 1st over - 0 runs, 1 hit, 0 errors, 3 left on base; Missoula 0 - San Diego (APP) 0 |
| TOP OF THE 2ND |
|
Missoula Osprey batting - Pitching for San Diego (APP) Padres : RHP Alberto Cuevas
|
|
Batting: RHB D.J. Cooke
|
0-0: Ball 1-0: Called Strike 1-1: Ball 2-1: Ball 3-1: Base on Balls
|
|
Batting: LHB Dallas Kelly
|
0-0: Ball 1-0: Called Strike 1-1: Foul Ball, location: 2F 1-2: Ball 2-2: Strikes out looking
|
|
Batting: RHB Edwin Romero
|
0-0: Ball 1-0: Called Strike 1-1: Foul Ball, location: 2F 1-2: SINGLE (Groundball, 4MD, EV 93.8 MPH) D.J. Cooke to second Runner from 2nd tries for 3rd, OUT! 8-5 Edwin Romero to second
|
|
Batting: RHB Daniel Rivera
|
0-0: SINGLE (Flyball, 89S, EV 93.1 MPH) Edwin Romero to third Runner from 3rd tries for Home, SAFE, throw by RF to home
|
|
Batting: RHB Mike Swift
|
0-0: Foul Ball, location: 2F 0-1: Fielders Choice at 2nd, 6-4 (Groundball, 6, EV 90.0 MPH)
|
| Top of the 2nd over - 1 run, 2 hits, 0 errors, 1 left on base; Missoula 1 - San Diego (APP) 0 |
| BOTTOM OF THE 2ND |
|
San Diego (APP) Padres batting - Pitching for Missoula Osprey : LHP Ian Tamburrino
|
|
Batting: LHB Phil Lerner
|
0-0: Ball 1-0: Foul Ball, location: 2F 1-1: Called Strike 1-2: Ball 2-2: Foul Ball, location: 2F 2-2: Ball 3-2: Base on Balls
|
|
Batting: RHB Brian DeVoe
|
0-0: Foul Ball, location: 2F 0-1: Foul Ball, location: 2F 0-2: Ball Wild Pitch! Phil Lerner to second 1-2: Foul Ball, location: 2F 1-2: Foul Ball, location: 2F 1-2: Foul Ball, location: 2F 1-2: Ball 2-2: SINGLE (Line Drive, 56D, EV 95.6 MPH) Phil Lerner to third
|
|
Batting: RHB Ed Oake
|
0-0: Ball 1-0: Ball 2-0: Ball 3-0: Called Strike 3-1: Foul Ball, location: 2F 3-2: Foul Ball, location: 2F 3-2: Foul Ball, location: 2F 3-2: Base on Balls Brian DeVoe to second
|
|
Batting: RHB Elias Vences
|
0-0: Ball 1-0: Foul Ball, location: 2F 1-1: Ball 2-1: Ball 3-1: Swinging Strike 3-2: Foul Ball, location: 2F 3-2: Ground out 5-3 (Groundball, 56S, EV 70.6 MPH) Phil Lerner scores Brian DeVoe to third Ed Oake to second
|
|
Batting: LHB Conor Barron
|
0-0: Swinging Strike Passed Ball! Brian DeVoe scores Ed Oake to third 0-1: Ball 1-1: Ground out 3-1 (Groundball, 34, EV 85.0 MPH) Ed Oake scores
|
|
Batting: LHB Carlos Cuellar
|
0-0: Called Strike 0-1: SOLO HOME RUN (Flyball, 89XD, EV 103.8 MPH), Distance : 427 ft
|
|
Batting: RHB Max Stillo
|
0-0: Called Strike 0-1: Called Strike 0-2: Ball 1-2: Ball 2-2: Fly out, F8 (Line Drive, 78M, EV 100.6 MPH)
|
| Bottom of the 2nd over - 4 runs, 2 hits, 0 errors, 0 left on base; Missoula 1 - San Diego (APP) 4 |
| TOP OF THE 3RD |
|
Missoula Osprey batting - Pitching for San Diego (APP) Padres : RHP Alberto Cuevas
|
|
Batting: LHB Josh Thomas
|
0-0: Ball 1-0: Swinging Strike 1-1: Foul Ball, location: 2F 1-2: Ball 2-2: Ball 3-2: Strikes out swinging
|
|
Batting: RHB Hyeok Shon
|
0-0: Ball 1-0: Foul Ball, location: 2F 1-1: Ball 2-1: SINGLE (Groundball, 6S, EV 71.2 MPH) (infield hit)
|
|
Batting: RHB Orlando Florez
|
0-0: Ball Hyeok Shon steals 2nd base 1-0: Swinging Strike 1-1: Ball 2-1: Foul Ball, location: 2F 2-2: Strikes out swinging
|
|
Batting: SHB Ed Vargas
|
0-0: Ball 1-0: Foul Ball, location: 2F 1-1: Swinging Strike 1-2: Ball 2-2: Ball 3-2: Foul Ball, location: 2F 3-2: Ground out 6-3 (Groundball, 6, EV 91.9 MPH)
|
| Top of the 3rd over - 0 runs, 1 hit, 0 errors, 1 left on base; Missoula 1 - San Diego (APP) 4 |
| BOTTOM OF THE 3RD |
|
San Diego (APP) Padres batting - Pitching for Missoula Osprey : LHP Ian Tamburrino
|
|
Batting: LHB Hugo MacBeth
|
0-0: Called Strike 0-1: Ball 1-1: Ball 2-1: Ball 3-1: Base on Balls
|
|
Batting: SHB Isaiah Scates
|
0-0: Called Strike 0-1: Grounds into double play, 3-6-3 (Groundball, 3S, EV 89.4 MPH)
|
|
Batting: LHB Phil Lerner
|
0-0: Ball 1-0: Foul Ball, location: 2F 1-1: Swinging Strike 1-2: Ball 2-2: Foul Ball, location: 2F 2-2: Foul Ball, location: 2F 2-2: SOLO HOME RUN (Flyball, 9D, EV 98.8 MPH), Distance : 369 ft
|
|
Batting: RHB Brian DeVoe
|
0-0: Foul Ball, location: 2F 0-1: Fly out, F9 (Flyball, 9, EV 80.6 MPH)
|
| Bottom of the 3rd over - 1 run, 1 hit, 0 errors, 0 left on base; Missoula 1 - San Diego (APP) 5 |
| TOP OF THE 4TH |
|
Missoula Osprey batting - Pitching for San Diego (APP) Padres : RHP Alberto Cuevas
|
|
Batting: RHB D.J. Cooke
|
0-0: Called Strike 0-1: Ball 1-1: Ball 2-1: Ball 3-1: Base on Balls
|
|
Batting: LHB Dallas Kelly
|
0-0: Called Strike 0-1: Foul Ball, location: 2F 0-2: Ball 1-2: Ball 2-2: Ball 3-2: SINGLE (Line Drive, 9S, EV 93.1 MPH) D.J. Cooke to second D.J. Cooke to third
|
|
Batting: RHB Edwin Romero
|
0-0: Ball Wild Pitch! D.J. Cooke scores Dallas Kelly to second 1-0: Ball 2-0: Ball 3-0: Called Strike 3-1: Base on Balls
|
|
Batting: RHB Daniel Rivera
|
0-0: Called Strike 0-1: Swinging Strike 0-2: Strikes out swinging
|
|
Batting: RHB Mike Swift
|
0-0: Ball 1-0: Ball 2-0: Ball 3-0: Called Strike 3-1: Fielders Choice at 2nd, 6-4 (Groundball, 6, EV 86.9 MPH) Dallas Kelly to third
|
|
Batting: LHB Josh Thomas
|
0-0: Foul Ball, location: 2F 0-1: Called Strike 0-2: Ball 1-2: Foul Ball, location: 2F 1-2: Ball 2-2: Strikes out swinging
|
| Top of the 4th over - 1 run, 1 hit, 0 errors, 2 left on base; Missoula 2 - San Diego (APP) 5 |
| BOTTOM OF THE 4TH |
|
San Diego (APP) Padres batting - Pitching for Missoula Osprey : LHP Ian Tamburrino
|
|
Pitching: RHP Jon Wernli
|
|
|
Now in LF: Dallas Kelly
|
|
|
Now in RF: Matt Bailey
|
|
|
Batting: RHB Ed Oake
|
0-0: SINGLE (Groundball, 4MD, EV 99.4 MPH)
|
|
Batting: RHB Elias Vences
|
0-0: Foul Ball, location: 2F 0-1: Foul Ball, location: 2F 0-2: Ball 1-2: Ball 2-2: Strikes out looking
|
|
Batting: LHB Conor Barron
|
0-0: Called Strike 0-1: Ball 1-1: Called Strike 1-2: Fly out, F9 (Flyball, 9LM, EV 85.6 MPH)
|
|
Batting: LHB Carlos Cuellar
|
0-0: Ball 1-0: Fielders Choice at 2nd, 6-4 (Groundball, 6, EV 101.2 MPH)
|
| Bottom of the 4th over - 0 runs, 1 hit, 0 errors, 1 left on base; Missoula 2 - San Diego (APP) 5 |
| TOP OF THE 5TH |
|
Missoula Osprey batting - Pitching for San Diego (APP) Padres : RHP Alberto Cuevas
|
|
Batting: RHB Hyeok Shon
|
0-0: Ball 1-0: Ground out 5-3 (Groundball, 56, EV 101.9 MPH)
|
|
Pitching: RHP David Koski
|
|
|
Batting: RHB Orlando Florez
|
0-0: Ball 1-0: Called Strike 1-1: Called Strike 1-2: Foul Ball, location: 2F 1-2: Ball 2-2: Ball 3-2: Foul Ball, location: 2F 3-2: Base on Balls
|
|
Batting: SHB Ed Vargas
|
0-0: Called Strike 0-1: Foul Ball, location: 2F 0-2: Ball 1-2: Foul Ball, location: 2F 1-2: Fly out, F6 (Line Drive, 6D, EV 72.5 MPH)
|
|
Batting: RHB D.J. Cooke
|
0-0: Swinging Strike 0-1: Foul Ball, location: 2F 0-2: Foul Ball, location: 2F 0-2: SINGLE (Line Drive, 3D, EV 105.0 MPH) Orlando Florez to second Runner from 2nd tries for 3rd, SAFE, throw by RF made to third
|
|
Batting: LHB Dallas Kelly
|
0-0: Ball 1-0: Swinging Strike 1-1: Ball 2-1: SINGLE (Line Drive, 8RS, EV 91.9 MPH) Orlando Florez scores D.J. Cooke to second
|
|
Batting: RHB Matt Bailey
|
0-0: Foul Ball, location: 2F 0-1: Foul Ball, location: 2F 0-2: SINGLE (Line Drive, 8RS, EV 98.1 MPH) D.J. Cooke to third Dallas Kelly to second Runner from 3rd tries for Home, SAFE, throw by CF to home
|
|
Batting: RHB Daniel Rivera
|
0-0: Called Strike 0-1: Ball 1-1: Called Strike 1-2: Strikes out swinging
|
| Top of the 5th over - 2 runs, 3 hits, 0 errors, 2 left on base; Missoula 4 - San Diego (APP) 5 |
| BOTTOM OF THE 5TH |
|
San Diego (APP) Padres batting - Pitching for Missoula Osprey : RHP Jon Wernli
|
|
Batting: RHB Max Stillo
|
0-0: DOUBLE (Line Drive, 5D, EV 95.6 MPH)
|
|
Batting: LHB Hugo MacBeth
|
0-0: Foul Ball, location: 2F 0-1: Swinging Strike 0-2: Ball 1-2: Strikes out swinging
|
|
Batting: SHB Isaiah Scates
|
0-0: Foul Ball, location: 2F 0-1: Ball 1-1: Foul Ball, location: 2F 1-2: Ball 2-2: Reached on error, E4 (Groundball, 4M, EV 80.6 MPH) Max Stillo to third
|
|
Batting: LHB Phil Lerner
|
0-0: Ball 1-0: Ball 2-0: Foul Ball, location: 2F 2-1: Swinging Strike 2-2: Foul Ball, location: 2F 2-2: Foul Ball, location: 2F 2-2: Foul Ball, location: 2F 2-2: Ball 3-2: Fielders Choice at 2nd, 6-4 (Groundball, 6, EV 92.5 MPH) Max Stillo scores
|
|
Batting: RHB Brian DeVoe
|
0-0: Ball 1-0: Ball 2-0: Ground out 4-3 (Groundball, 34, EV 104.4 MPH)
|
| Bottom of the 5th over - 1 run, 1 hit, 1 error, 1 left on base; Missoula 4 - San Diego (APP) 6 |
| TOP OF THE 6TH |
|
Missoula Osprey batting - Pitching for San Diego (APP) Padres : RHP David Koski
|
|
Batting: RHB Mike Swift
|
0-0: Called Strike 0-1: Ball 1-1: Ground out 6-3 (Groundball, 6D, EV 75.0 MPH)
|
|
Batting: LHB Josh Thomas
|
0-0: Swinging Strike 0-1: Foul Ball, location: 2F 0-2: Strikes out swinging
|
|
Batting: RHB Hyeok Shon
|
0-0: Swinging Strike 0-1: Called Strike 0-2: Foul Ball, location: 2F 0-2: Ball 1-2: Foul Ball, location: 2F 1-2: Foul Ball, location: 2F 1-2: Ball 2-2: Strikes out looking
|
| Top of the 6th over - 0 runs, 0 hits, 0 errors, 0 left on base; Missoula 4 - San Diego (APP) 6 |
| BOTTOM OF THE 6TH |
|
San Diego (APP) Padres batting - Pitching for Missoula Osprey : RHP Jon Wernli
|
|
Batting: RHB Ed Oake
|
0-0: Ball 1-0: Foul Ball, location: 2F 1-1: Ball 2-1: Swinging Strike 2-2: Strikes out looking
|
|
Pitching: RHP Vinny Segura
|
|
|
Batting: RHB Elias Vences
|
0-0: Ball 1-0: Ball 2-0: Swinging Strike 2-1: Foul Ball, location: 2F 2-2: Foul Ball, location: 2F 2-2: Ball 3-2: Strikes out swinging
|
|
Batting: LHB Conor Barron
|
0-0: Swinging Strike 0-1: Ball 1-1: Foul Ball, location: 2F 1-2: Ball 2-2: Strikes out swinging
|
| Bottom of the 6th over - 0 runs, 0 hits, 0 errors, 0 left on base; Missoula 4 - San Diego (APP) 6 |
| TOP OF THE 7TH |
|
Missoula Osprey batting - Pitching for San Diego (APP) Padres : RHP David Koski
|
|
Batting: RHB Orlando Florez
|
0-0: Called Strike 0-1: Ground out 3-1 (Groundball, 34, EV 97.5 MPH)
|
|
Batting: SHB Ed Vargas
|
0-0: Called Strike 0-1: Ball 1-1: Called Strike 1-2: Ground out U3 (Groundball, 34S, EV 83.8 MPH)
|
|
Batting: RHB D.J. Cooke
|
0-0: Ball 1-0: Ball 2-0: Foul Ball, location: 2F 2-1: Fly out, F9 (Flyball, 9, EV 77.5 MPH)
|
| Top of the 7th over - 0 runs, 0 hits, 0 errors, 0 left on base; Missoula 4 - San Diego (APP) 6 |
| BOTTOM OF THE 7TH |
|
San Diego (APP) Padres batting - Pitching for Missoula Osprey : RHP Vinny Segura
|
|
Batting: LHB Carlos Cuellar
|
0-0: Foul Ball, location: 2F 0-1: SINGLE (Groundball, 4MD, EV 95.6 MPH)
|
|
Batting: RHB Max Stillo
|
0-0: Ball 1-0: Swinging Strike 1-1: Ball 2-1: Ball 3-1: Foul Ball, location: 2F 3-2: Strikes out swinging
|
|
Batting: LHB Hugo MacBeth
|
0-0: Called Strike 0-1: Ball 1-1: SINGLE (Flyball, 8RS, EV 93.1 MPH) Carlos Cuellar to second
|
|
Batting: SHB Isaiah Scates
|
0-0: Foul Ball, location: 2F 0-1: SINGLE (Groundball, 4S, EV 64.4 MPH) (infield hit) Carlos Cuellar to third Hugo MacBeth to second
|
|
Batting: LHB Phil Lerner
|
0-0: Called Strike 0-1: Swinging Strike 0-2: SINGLE (Groundball, 6D, EV 104.4 MPH) Carlos Cuellar scores Hugo MacBeth to third Isaiah Scates to second
|
|
Batting: RHB Brian DeVoe
|
0-0: Ball 1-0: Ball 2-0: Ball 3-0: Base on Balls Hugo MacBeth scores Isaiah Scates to third Phil Lerner to second
|
|
Pitching: LHP Cory Youngquist
|
|
|
Batting: RHB Ed Oake
|
0-0: Called Strike 0-1: Foul Ball, location: 2F 0-2: Foul Ball, location: 2F 0-2: Foul Ball, location: 2F 0-2: Ball 1-2: Ball 2-2: Foul Ball, location: 2F 2-2: Ball 3-2: Reached on error, E4 (Groundball, 4MS, EV 60.6 MPH) Isaiah Scates scores Phil Lerner scores Brian DeVoe to third
|
|
Batting: RHB Elias Vences
|
0-0: Ball 1-0: Called Strike 1-1: Foul Ball, location: 2F 1-2: Strikes out swinging
|
|
Batting: LHB Conor Barron
|
0-0: Swinging Strike 0-1: Swinging Strike 0-2: Strikes out swinging
|
| Bottom of the 7th over - 4 runs, 4 hits, 1 error, 2 left on base; Missoula 4 - San Diego (APP) 10 |
| TOP OF THE 8TH |
|
Missoula Osprey batting - Pitching for San Diego (APP) Padres : RHP David Koski
|
|
Batting: LHB Dallas Kelly
|
0-0: Foul Ball, location: 2F 0-1: Foul Ball, location: 2F 0-2: Foul Ball, location: 2F 0-2: Foul Ball, location: 2F 0-2: Foul Ball, location: 2F 0-2: Ball 1-2: Foul Ball, location: 2F 1-2: Strikes out swinging
|
|
Pitching: RHP Eric Busby
|
|
|
Batting: RHB Matt Bailey
|
0-0: Swinging Strike 0-1: Called Strike 0-2: Ball 1-2: Strikes out looking
|
|
Batting: RHB Daniel Rivera
|
0-0: Ground out 5-3 (Groundball, 56, EV 94.4 MPH)
|
| Top of the 8th over - 0 runs, 0 hits, 0 errors, 0 left on base; Missoula 4 - San Diego (APP) 10 |
| BOTTOM OF THE 8TH |
|
San Diego (APP) Padres batting - Pitching for Missoula Osprey : LHP Cory Youngquist
|
|
Batting: LHB Carlos Cuellar
|
0-0: Ball 1-0: Called Strike 1-1: SOLO HOME RUN (Flyball, 9D, EV 99.4 MPH), Distance : 370 ft
|
|
Batting: RHB Max Stillo
|
0-0: Ball 1-0: Called Strike 1-1: Foul Ball, location: 2F 1-2: Foul Ball, location: 2F 1-2: Strikes out swinging
|
|
Batting: LHB Hugo MacBeth
|
0-0: Ball 1-0: Called Strike 1-1: Foul Ball, location: 2F 1-2: Strikes out swinging
|
|
Batting: SHB Isaiah Scates
|
0-0: Called Strike 0-1: Foul Ball, location: 2F 0-2: Strikes out swinging
|
| Bottom of the 8th over - 1 run, 1 hit, 0 errors, 0 left on base; Missoula 4 - San Diego (APP) 11 |
| TOP OF THE 9TH |
|
Missoula Osprey batting - Pitching for San Diego (APP) Padres : RHP Eric Busby
|
|
Batting: RHB Mike Swift
|
0-0: Foul Ball, location: 2F 0-1: Called Strike 0-2: Ball 1-2: Foul Ball, location: 2F 1-2: Foul Ball, location: 2F 1-2: Foul Ball, location: 2F 1-2: Fly out, F8 (Flyball, 8LXD, EV 94.4 MPH)
|
|
Batting: LHB Josh Thomas
|
0-0: Called Strike 0-1: Ball 1-1: Foul Ball, location: 2F 1-2: SINGLE (Line Drive, 6MD, EV 108.8 MPH)
|
|
Batting: RHB Hyeok Shon
|
0-0: Ball 1-0: Swinging Strike 1-1: Ball 2-1: Grounds into double play, 5-4-3 (Groundball, 56, EV 80.6 MPH)
|
| Top of the 9th over - 0 runs, 1 hit, 0 errors, 0 left on base; Missoula 4 - San Diego (APP) 11 |
|